 Dungeon Crawl Stone Soup version 0.22-a0-362-g535178c (webtiles) character file.

140 CanOfBees the Gusty (level 5, 0/45 HPs)
             Began as a Tengu Air Elementalist on Apr 20, 2018.
             Was an Initiate of Kikubaaqudgha.
             Slain by a gnoll
             ... wielding a +0 spear
              (7 damage)
             ... on level 3 of the Dungeon.
             The game lasted 00:08:08 (3871 turns).

CanOfBees the Gusty (Tengu Air Elementalist)        Turns: 3871, Time: 00:08:08

Health: 0/45       AC:  2    Str: 10 (13) XL:     5   Next: 22%
Magic:  1/10       EV: 12    Int: 14 (16) God:    Kikubaaqudgha [......]
Gold:   155        SH:  0    Dex: 14 (15) Spells: 4/10 levels left

rFire    . . .     SeeInvis .   s - +0 spear
rCold    . . .     Gourm    .   (no shield)
rNeg     . . .     Faith    .   a - +0 robe
rPois    .         Spirit   .   (helmet restricted)
rElec    .         Reflect  .   (no cloak)
rCorr    .         Harm     .   (no gloves)
MR       .....                  (boots unavailable)
Stlth    ..........             (no amulet)
HPRegen  0.15/turn              (no ring)
MPRegen  0.12/turn              (no ring)

@: berserking, very quick
A: beak, talons 3, able to fly 1
a: Fly, Renounce Religion


You were on level 3 of the Dungeon.
You worshipped Kikubaaqudgha.
Kikubaaqudgha was noncommittal.
You were very hungry.

You visited 1 branch of the dungeon, and saw 3 of its levels.

You collected 155 gold pieces.

Inventory:

Hand Weapons
 s - a +0 spear (weapon)
Missiles
 h - 4 tomahawks (quivered)
Armour
 a - a +0 robe (worn)
Wands
 m - a wand of enslavement (14)
Scrolls
 b - 2 scrolls of fog {unknown}
 g - a scroll of blinking {unknown}
 i - a scroll of enchant weapon {unknown}
 j - 2 scrolls of remove curse {unknown}
 l - a scroll of teleportation {unknown}
 o - a scroll of random uselessness {unknown}
 p - 2 scrolls of identify {unknown}
Potions
 d - a potion of degeneration
 r - a potion of flight {unknown}
Comestibles
 c - 4 rations


   Skills:
 + Level 2.0 Fighting
 - Level 2.1 Dodging
 - Level 2.0 Stealth
 + Level 3.2 Spellcasting
 - Level 1.8 Conjurations
 - Level 1.5 Charms
 + Level 1.0 Necromancy
 - Level 4.4 Air Magic


You had 4 spell levels left.
You knew the following spells:

 Your Spells              Type           Power        Failure   Level  Hunger
a - Shock                 Conj/Air       ##..         6%          1    #......
b - Swiftness             Chrm/Air       ##......     10%         2    ##.....
c - Static Discharge      Conj/Air       ##......     17%         3    ###....


Dungeon Overview and Level Annotations

Branches:
Dungeon (3/15)

Altars:
Ashenzari
Cheibriados
Kikubaaqudgha
Qazlal


Innate Abilities, Weirdness & Mutations

You have a beak for a mouth.
You have claws for feet.
You can fly.


Message History

The lightning grounds out.
The gnoll is struck by lightning.
The gnoll is almost dead.
The lightning arcs!
The gnoll is struck by lightning.
The gnoll is severely wounded.
The lightning grounds out.
The gnoll closely misses you. The gnoll barely misses you.
It was a potion of degeneration.
There was something very wrong with that liquid.
You feel weakened.
You feel dopey.
You feel clumsy. The gnoll barely misses you. The gnoll hits you.
* * * LOW HITPOINT WARNING * * *
It was a potion of berserk rage.
A red film seems to cover your vision as you go berserk!
You feel yourself moving faster!
You feel mighty! The gnoll closely misses you. The gnoll misses you.
You barely miss the gnoll.
The gnoll is almost dead.
The gnoll hits you with a spear!
You die...
Kikubaaqudgha rasps: "You have failed me!
Welcome... death!"

...#.#.#.#.#.#......#...........#
.......[.....######.#...........#
.................##.#...#########
#.####.####.####..#.#...#
#.##.....##.####.......>#
#.#.......#..#.[....#...#
#.#.......#..#.#..###...#
#....._........#gg# #._.#
#.#.......#.##.#@.# #...#
#.#.......#......## #.###
#.##.....##.##.### #.#
#.####.####.##.# #.#
#...........##.# #.#
#..#######.###.######.# ##.# #.#
#..)รท....#
#.#######.############
#...........#


You could see 2 gnolls.

Vanquished Creatures
  A crimson imp (D:2)
  2 gnolls
  An adder (D:2)
  An ooze (D:3)
  A worm (D:2)
  3 leopard geckos (D:2)
  4 orcs (D:3)
  4 bats
  2 giant cockroaches
  5 goblins
  10 hobgoblins
  9 jackals
  8 kobolds
  2 ball pythons
  2 frilled lizards
  5 rats
60 creatures vanquished.

Notes
Turn   | Place    | Note
-------+----------+-------------------------------------------
     0 | D:1      | CanOfBees the Tengu Air Elementalist began the quest for the Orb.
     0 | D:1      | Reached XP level 1. HP: 10/10 MP: 4/4
   230 | D:1      | Reached XP level 2. HP: 15/15 MP: 1/6
   236 | D:1      | Learned a level 2 spell: Swiftness
   947 | D:1      | Reached XP level 3. HP: 15/20 MP: 3/7
  1201 | D:2      | Learned a level 3 spell: Static Discharge
  1363 | D:2      | Found an ancient bone altar of Kikubaaqudgha.
  1452 | D:2      | Found a stormy altar of Qazlal.
  1664 | D:2      | Reached skill level 1 in Fighting
  1664 | D:2      | Reached skill level 1 in Charms
  2220 | D:2      | Reached XP level 4. HP: 11/25 MP: 2/9
  2762 | D:2      | Became a worshipper of Kikubaaqudgha
  3017 | D:3      | Found a shattered altar of Ashenzari.
  3090 | D:3      | Found a snail-covered altar of Cheibriados.
  3228 | D:3      | Gained mutation: You can fly. [Tengu growth]
  3228 | D:3      | Reached XP level 5. HP: 30/30 MP: 7/10
  3846 | D:2      | Reached skill level 1 in Necromancy
  3871 | D:3      | Slain by a gnoll

Vault maps used:
D:1:      matt_arrival_spirals
D:2:      overflow_temple_1_default, overflow_temple_1_default
D:3:      lemuel_castle_with_subvaults, cheibriados_altar_1,
          overflow_temple_1_default, old_standard_altar, uniq_natasha,
          uniq_jessica

Skill      XL: |  1  2  3  4  5 |
---------------+----------------+-----
Fighting       | 1 2 |  2.0
Charms         | 1 |  1.5
Spellcasting   | 3 |  3.2
Necromancy     | 1 |  1.0
Dodging        | |  2.1
Stealth        | |  2.0
Conjurations   | |  1.8
Air Magic      | |  4.4

Action                   |  1- 3 |  4- 6 || total
-------------------------+-------+-------++-------
Melee: Kick              |     9 |     9 ||    18
       Unarmed           |     1 |       ||     1
       Whip              |    37 |    33 ||    70
       Peck              |     4 |     6 ||    10
       Spear             |       |     3 ||     3
Throw: Tomahawk          |     3 |       ||     3
 Cast: Shock             |    54 |    34 ||    88
       Static Discharge  |     3 |     4 ||     7
  Use: Potion            |       |     2 ||     2
 Stab: Sleeping          |     1 |     2 ||     3
  Eat: Chunk             |     4 |     5 ||     9
Armor: Robe              |    11 |     3 ||    14
Dodge: Dodged            |    34 |    38 ||    72

Table legend:
 A = Spawn XP
 B = Non-spawn XP
 C = Spawn XP percentage of total XP
 D = Spawn monster count
 E = Non-spawn monster count
 F = Spawn count percentage of total count
 G = Total turns spent on level
                    A         B        C        D         E        F      G
               +---------+---------+-------+---------+---------+-------+---------
         Total |       0 |     200 |   0.0 |       0 |      60 |   0.0 |  3871
               +---------+---------+-------+---------+---------+-------+---------
           D:1 |       0 |      36 |   0.0 |       0 |      20 |   0.0 |  1173
           D:2 |       0 |     107 |   0.0 |       0 |      19 |   0.0 |  2093
           D:3 |       0 |      57 |   0.0 |       0 |      21 |   0.0 |   605
               +---------+---------+-------+---------+---------+-------+---------
